[Event "CCC-IM 2022"]
[Site "Ballerup"]
[Date "2022.05.29"]
[Round "8.3"]
[White "Kistrup, Nicolai"]
[Black "Sahl, Bjarke"]
[Result "1-0"]
[ECO "D78"]
[WhiteElo "2306"]
[BlackElo "2312"]
[Annotator "TA"]
[PlyCount "61"]
[EventDate "2022.05.25"]
[EventType "tourn"]
[EventCountry "DEN"]
[SourceTitle "playchess.com"]
[Source "ChessBase"]
[SourceQuality "1"]
[TimeControl "5400+30"]

1. d4 d5 2. c4 c6 3. Nf3 Nf6 4. g3 g6 5. Bg2 Bg7 6. O-O O-O 7. Ne5 Be6 8. cxd5 {[%emt 0:01:16] D78: Fianchetto Grünfeld: 6 0-0 c6.} Nxd5 9. Nc3 Nb6 10. f4 {[%emt 0:11:15] White has an edge.} N8d7 {[%emt 0:04:28] [#]} 11. Nf3 $146 ({Predecessor:} 11. Qc2 Nxe5 12. dxe5 Nc4 13. Nd1 {0-1 (36) Pushilin,A (2169)-Feofanov,V (2298) Berdsk 2008}) 11... Bc4 12. Re1 Qc7 (12... c5 $11) 13. e4 Ba6 14. Qc2 e6 15. Be3 c5 16. e5 Rfc8 17. Rad1 cxd4 18. Nxd4 Bf8 19. Qb1 Bb4 20. Ndb5 Qb8 21. Nd6 Rc7 ({Black should play} 21... Rd8 22. Bf2 Bxd6) 22. Bd4 $16 {[%emt 0:02:10][%cal Of4f5] 0x0.001de05f0110dp-1022s more active pieces.} Nc4 {[%emt 0:00:48] [#]} (22... Bc4 $16 {was necessary.} 23. Rc1 Bd5) 23. f5 $1 $18 gxf5 24. Nxf5 {[%emt 0:00:59] aiming for Nh6+.} Bxc3 $2 (24... exf5 25. Qxf5 Bc5 26. Bxc5 (26. e6 Bxd4+ 27. Rxd4 fxe6 $18) 26... Nxc5 27. Qg5+ Kh8 28. Qf6+ Kg8 29. Qg5+ Kh8 30. Qf6+ Kg8 31. Rd4 $18) (24... Qf8) 25. Bxc3 ({Not} 25. Ne7+ Kh8 26. Bxc3 Ncb6 $16) 25... Qf8 (25... exf5 $2 26. Qxf5 Qf8 27. Rxd7 Rxd7 28. e6 fxe6 29. Qxe6+ Qf7 30. Qg4+ Kf8 31. Rf1 $18) 26. Nd6 Qg7 27. Qe4 Nc5 $2 (27... Nxd6 {is a better chance.} 28. exd6 Rxc3) 28. Qh4 {[%emt 0:00:31] [#] Threatens to win with Rd4. White is clearly winning.} Na4 29. Ne4 {[%emt 0:00:58] Strongly threatening Nf6+.} Rcc8 30. Nf6+ Kh8 31. Rd4 {[%emt 0:00:43] White took control after the opening.  Weighted Error Value: White=0.11 (very precise) /Black=0.47} 1-0

[Event "CCC-IM 2022"]
[Site "Ballerup"]
[Date "2022.05.29"]
[Round "8.4"]
[White "Nielsen, Thomas Bach"]
[Black "Kenneskog, Theodor"]
[Result "0-1"]
[ECO "D94"]
[WhiteElo "2189"]
[BlackElo "2296"]
[Annotator "TA"]
[PlyCount "60"]
[EventDate "2022.05.25"]
[EventType "tourn"]
[EventCountry "DEN"]
[SourceTitle "playchess.com"]
[Source "ChessBase"]
[SourceQuality "1"]
[TimeControl "5400+30"]

1. d4 Nf6 2. c4 g6 3. Nc3 d5 4. Nf3 Bg7 5. e3 O-O 6. Bd3 c5 7. O-O cxd4 8. exd4 Nc6 9. h3 dxc4 10. Bxc4 Na5 11. Bd3 Be6 {[%emt 0:01:56] D94: Grünfeld: 4 Nf3 Bg7 5 e3.} 12. Re1 Rc8 13. Bg5 Bc4 {[%emt 0:15:28] The position is equal.} 14. Bxc4 Nxc4 {[%emt 0:00:25] [#]} 15. Qb3 $146 ({Predecessor:} 15. Qe2 Re8 16. Rac1 Nb6 17. Bxf6 Bxf6 18. Ne4 Rxc1 19. Rxc1 Bg7 20. Qb5 Rf8 21. Qa5 {0-1 (140) Petrosyan,M (2427)-Kovalenko,I (2661) Dubai 2015}) 15... b6 16. Rac1 h6 17. Bh4 Qd7 18. Rcd1 {[%emt 0:07:51] Black should prevent Ne5.} Qb7 19. Ne5 Na5 20. Qa3 Rfe8 21. d5 Nh5 ({Don't play} 21... Nc4 22. Nxc4 Rxc4 23. Bxf6 Bxf6 24. d6 $14) 22. Nc6 Nxc6 23. dxc6 Qxc6 24. Rxe7 (24. Nd5 $11 {keeps the balance.} g5 25. Nxe7+ Rxe7 26. Qxe7 gxh4 27. Qxh4) 24... Nf4 {[%emt 0:08:02][%csl Gf4][%cal Rc6g2] [#]} 25. Ne4 $2 {[%emt 0:03:26][%mdl 8192] This costs White the game.} (25. f3 $17) 25... g5 $19 {[%emt 0:10:28] Black is clearly winning.} 26. Bg3 Bf8 27. Bxf4 (27. Rxe8 $142 Rxe8 28. Qf3 Qxe4 29. Qxe4 Rxe4 30. Kf1) 27... Bxe7 28. Qf3 gxf4 29. Qxf4 Rcd8 30. Rc1 Qg6 {Weighted Error Value: White=0.57/Black=0.03 (flawless)} 0-1

[Event "CCC-IM 2022"]
[Site "Ballerup"]
[Date "2022.05.29"]
[Round "8.5"]
[White "Seegert, Kristian"]
[Black "Casper Yukun Liu"]
[Result "1-0"]
[ECO "B99"]
[WhiteElo "2209"]
[BlackElo "2218"]
[Annotator "TA"]
[PlyCount "37"]
[EventDate "2022.05.25"]
[EventType "tourn"]
[EventCountry "DEN"]
[SourceTitle "playchess.com"]
[Source "ChessBase"]
[SourceQuality "1"]
[TimeControl "5400+30"]

1. e4 c5 2. Nf3 d6 3. d4 cxd4 4. Nxd4 Nf6 5. Nc3 a6 6. Bg5 e6 7. f4 Be7 8. Qf3 Qc7 9. O-O-O Nbd7 10. g4 b5 11. Bxf6 Nxf6 12. g5 Nd7 13. f5 O-O {[%emt 0:00:09] Threatens to win with ...b4. B99: Sicilian Najdorf: 6 Bg5 e6 7 f4 Be7 8 Qf3 Qc7 9 0-0-0 Nbd7.} 14. f6 (14. h4 $11) 14... gxf6 $15 {[%emt 0:00:59] [#]} 15. Qh5 $146 ({Predecessor:} 15. gxf6 Nxf6 16. e5 dxe5 17. Nc6 Bb7 18. Qg3+ Kh8 19. Nxe5 Bd8 20. Rxd8 Raxd8 21. Rg1 {½-½ (32) Rios,C (2449)-Delgado Ramirez,N (2622) Guwahati 2022}) 15... b4 $2 {[%emt 0:16:46][%mdl 8192] [#] A mistake that costs the game.} (15... fxg5 $2 16. Nf3 b4 17. Na4 $17) (15... Ne5 $15 16. gxf6 Bxf6 17. Rg1+ Ng6) 16. Nxe6 $1 $18 Qa7 17. Nd5 {[%emt 0:07:48][%cal Od1d3] White threatens Rd3! and mate. Pair of Knights!} Re8 18. gxf6 Nf8 19. Nxe7+ {[%emt 0:05:59] Weighted Error Value: White=0.21 (precise) /Black=1.34} (19. fxe7 $142 Qxe7 20. Nxe7+ Rxe7 21. Nxf8 Kxf8 22. Qxh7 Rc7 23. Qh6+ Ke8 24. Qxd6) 1-0

[Event "CCC-IM 2022"]
[Site "Ballerup"]
[Date "2022.05.29"]
[Round "9.1"]
[White "Ahlander, Bjorn"]
[Black "Seegert, Kristian"]
[Result "1-0"]
[ECO "A80"]
[WhiteElo "2375"]
[BlackElo "2209"]
[Annotator "TA"]
[PlyCount "63"]
[EventDate "2022.05.25"]
[EventType "tourn"]
[EventCountry "DEN"]
[SourceTitle "playchess.com"]
[Source "ChessBase"]
[SourceQuality "1"]
[TimeControl "5400+30"]

1. d4 f5 2. Nf3 g6 3. g3 Nf6 4. c3 Bg7 5. Qb3 e6 6. Bg2 {[%emt 0:00:03] A81: Dutch Defence: 2 g3.} O-O {[%emt 0:00:46] 6...0-0 is better than 6...Nc6.} 7. Ne5 Nc6 8. Nxc6 {[%emt 0:00:35] The position is equal.} bxc6 9. Nd2 a5 10. O-O Ba6 11. Re1 {[%emt 0:00:31] [#]} d5 $146 ({Predecessor:} 11... Kh8 12. e4 f4 13. e5 fxg3 14. hxg3 Nd5 15. Ne4 Qe7 16. Qc2 d6 17. Bg5 Qd7 {1-0 (32) Poulton,J (2350)-Strange,M (2245) Sheffield 1996}) 12. Nf3 Ne4 13. Bf4 c5 14. Be5 (14. Qa3 {seems wilder.} Re8 15. Ne5 cxd4 16. cxd4 g5 17. Be3) 14... Bxe5 15. Nxe5 cxd4 (15... Qd6 $11 {remains equal.}) 16. cxd4 $16 Nd6 17. Rac1 Qe7 18. Qc3 {[%emt 0:04:40] White is more active.} (18. Rc5 $142) 18... Nb5 (18... Bb5 $142) 19. Qd2 ({Don't play} 19. Qxa5 $6 Nxd4 20. Qd2 (20. Rxc7 Qd6 $11) 20... c5 $14) 19... a4 20. Rc6 {[%emt 0:03:48] [#] Black must now prevent Qa5.} Rfd8 (20... Nd6 $16) 21. Rec1 {[%emt 0:08:24] And now R1c5 would win.} Rd6 (21... Bb7 $142 22. R6c5 c6 23. Nxc6 Bxc6) 22. R6c5 (22. Qb4 $142) 22... Qe8 $2 (22... Rb6 {keeps fighting.} 23. e3 Qd8) 23. h4 $18 Qe7 24. a3 Qg7 (24... Rb6 {might work better.} 25. e3 Rc8) 25. e3 {[%emt 0:01:10] White is clearly winning.} Rb8 (25... Rdd8 $142 26. Qb4 Rdb8 27. Qxa4 Qf8) 26. Bf1 Rb7 27. Qa5 Rdb6 28. Qxa4 Qe7 29. Nc6 Qd6 30. Nb4 Rb8 31. Rc6 Qd7 32. Rxb6 {[%emt 0:01:15] Weighted Error Value: White=0.18 (very precise) /Black=0.49} 1-0

[Event "CCC-IM 2022"]
[Site "Ballerup"]
[Date "2022.05.29"]
[Round "9.2"]
[White "Kenneskog, Theodor"]
[Black "Kistrup, Nicolai"]
[Result "1-0"]
[ECO "C88"]
[WhiteElo "2296"]
[BlackElo "2306"]
[Annotator "TA"]
[PlyCount "77"]
[EventDate "2022.05.25"]
[EventType "tourn"]
[EventCountry "DEN"]
[SourceTitle "playchess.com"]
[Source "ChessBase"]
[SourceQuality "1"]
[TimeControl "5400+30"]

1. e4 e5 2. Nf3 Nc6 3. Bb5 a6 4. Ba4 Nf6 5. O-O Be7 6. Re1 b5 7. Bb3 O-O 8. a4 b4 9. d4 $1 {[%emt 0:00:11][%mdl 4] is now more promising than 9.d3.} d6 10. dxe5 Nxe5 11. Bf4 {[%emt 0:00:05] C88: Closed Ruy Lopez: Anti-Marshall Systems.} Nxf3+ 12. Qxf3 Bb7 13. Nd2 {[%emt 0:00:15] [#] The position is equal.} a5 $146 ({Predecessor:} 13... Nd7 14. c3 bxc3 15. bxc3 Bf6 16. Rad1 Rb8 17. Bc2 Qe8 18. Qh3 Ne5 19. Nc4 Bc8 20. Qg3 Nxc4 21. e5 Nxe5 22. Bh6 Rb2 {0-1 (22) Natter,S (2262)-Kleiser,G (2292) Jenbach 2009}) 14. Rad1 Nd7 15. Qg3 Bh4 (15... Re8 $5 ) 16. Qg4 {[%emt 0:04:18] Nf3 is the strong threat.} Bf6 17. Nc4 {[%emt 0:04:44] Strongly threatening e5.} Qc8 18. Qg3 (18. e5 {looks sharper.} dxe5 19. Rxd7 exf4 20. Ne5) 18... Ra6 19. f3 Re8 {[%emt 0:04:42] White now steadily converts the win.} (19... Qd8 $11 {keeps the balance.}) 20. e5 $1 $16 {[%emt 0:02:59] White is more active.} dxe5 21. Bxe5 Nxe5 (21... Rae6 $16 {was worth a try.} 22. Bxf6 Nxf6) 22. Nxe5 $18 Bxe5 23. Rxe5 Rg6 (23... Rd6 {is a better defense.} 24. Rde1 (24. Rxd6 cxd6 25. Rxa5 Qc7 $16) 24... Rxe5 25. Qxe5 g6 26. Qxa5 c5) 24. Rxe8+ Qxe8 {[%emt 0:00:04] [#]} 25. Qe5 ({Don't blunder} 25. Qxc7 $2 Rxg2+ 26. Kxg2 Qe2+ 27. Kg1 Qxd1+ 28. Kf2 Qxf3+ 29. Ke1 h5 $17) (25. Re1 $1 $18 {[%cal Re1e8] and the rest is easy.} Qd7 {[#]} 26. Qxc7 $3 ) 25... Qc8 {[%emt 0:02:17][%mdl 8192] [#]} (25... Qxe5 $2 {is a self mate.} 26. Rd8+) (25... Rxg2+ $2 26. Kxg2 Bc6 27. Qxe8+ Bxe8 28. Rd5 $18) (25... Kf8 $16 26. Qxe8+ (26. Qxa5 Rxg2+ 27. Kxg2 Qe2+ 28. Kg1 Qxd1+ 29. Kf2 Qxf3+ 30. Ke1 Qh1+ 31. Kf2 Qxh2+ 32. Ke3 Qh6+ 33. Kf2 Qd2+ 34. Kf1 Qg2+ 35. Ke1 Qg1+ 36. Ke2 Qg4+ 37. Ke1 Qg3+ 38. Kd2 Qf2+ 39. Kd3 Ba6+ 40. Ke4 Qe2+ 41. Kf4 Qd2+ 42. Ke4 Bb7+ 43. Bd5 Qxc2+ 44. Kf3 Qb3+ 45. Kf2 Qxb2+ 46. Kf1 Qf6+ 47. Ke2 Qe5+ 48. Kf1 Qxd5 $19) 26... Kxe8) 26. Qf5 $3 {[%emt 0:02:15][%mdl 512] Qxc8+ would kill now.} Rd6 (26... Re6 27. Bxe6) 27. Qxf7+ $40 {[%emt 0:02:20][%mdl 128] White is out for blood.} Kh8 28. Re1 {[%emt 0:00:05][%cal Bd1e1,Be1e7,Be7d7][%mdl 32] Threatening mate with Re8+.} Bc6 {[%emt 0:00:54] Inhibits Re8+.} 29. Re7 Rg6 30. Be6 Qd8 31. Bd7 (31. Bc4 $142) 31... Bxd7 32. Rxd7 {[%emt 0:00:06][%cal Rd7d8][%mdl 4096] Endgame KQR-KQR} Qb8 (32... Qg8 $18 33. Qxg8+ Kxg8 34. Rxc7 Rd6) 33. Re7 Qb6+ 34. Kh1 h5 35. Re8+ Kh7 {[%emt 0:00:05] White is clearly winning.} 36. Qg8+ (36. f4 $142 Rxg2 37. Qxh5+ Qh6 38. Qxh6+ Kxh6 39. Kxg2) 36... Kh6 37. Qh8+ Kg5 38. Re5+ Kf6 39. Qxh5 {[%emt 0:00:38] Weighted Error Value: White=0.41/Black=0.62} (39. Rd5 $142 Qc6 40. Qf8+ Ke6 41. Rd4) 1-0

[Event "CCC-IM 2022"]
[Site "Ballerup"]
[Date "2022.05.29"]
[Round "9.3"]
[White "Casper Yukun Liu"]
[Black "Jacobsen, Mikkel Manosri"]
[Result "1-0"]
[ECO "B10"]
[WhiteElo "2218"]
[BlackElo "2251"]
[Annotator "TA"]
[PlyCount "153"]
[EventDate "2022.05.25"]
[EventType "tourn"]
[EventCountry "DEN"]
[SourceTitle "playchess.com"]
[Source "ChessBase"]
[SourceQuality "1"]
[TimeControl "5400+30"]

1. e4 c6 2. Nf3 d5 3. exd5 cxd5 4. Ne5 Nf6 5. d4 g6 6. Bb5+ {[%emt 0:00:07] B10: Caro-Kann: 2 d3 and 2 c4.} Bd7 7. Bd3 Bg7 8. c3 {[%emt 0:04:35] The position is equal.} Nc6 {[%emt 0:01:33] [#]} 9. Nd2 $146 ({Predecessor:} 9. Qe2 Nxe5 10. dxe5 Ne4 11. O-O Qc7 12. Bf4 Nc5 13. Re1 Nxd3 14. Qxd3 Qb6 15. Qd2 {1-0 (50) Palac,M (2546)-Blazeka,M (2357) Mali Losinj 2019}) 9... O-O 10. h3 Qc7 11. Qe2 Bf5 12. Ndf3 Bxd3 13. Nxd3 Ne4 14. O-O e6 15. Bf4 Qe7 16. Nd2 g5 17. Be3 f5 (17... h6 {is more complex.} 18. Kh2 f5 19. Rae1 Rae8) 18. Nxe4 dxe4 19. Nc5 b6 {[%emt 0:02:34] [#]} (19... h6 $11 {keeps the balance.}) 20. Nb3 ({White must play} 20. Bxg5 $1 $16 Qxg5 21. Nxe6) 20... h6 $11 21. f4 exf3 22. Qxf3 Qd7 23. Rad1 Ne7 24. Bc1 Ng6 25. Qh5 Qf7 26. Nd2 b5 27. Ne4 Nh8 28. Qxf7+ (28. Qe2 {with more complications.} a6 29. h4 gxh4 30. Rde1) 28... Nxf7 29. Nc5 Rfe8 30. d5 exd5 31. Rxf5 d4 32. cxd4 Rad8 33. d5 {[%emt 0:00:19] White is more active.} Nd6 34. Rff1 Re2 35. Rf2 (35. Ne6 $5 Rc8 36. Rfe1 Rxe1+ 37. Rxe1 $16) 35... Rxf2 36. Kxf2 Rc8 37. b4 a5 $1 38. a3 Bc3 39. Bd2 Bb2 40. Bc1 (40. Nd3 $5 Bd4+ 41. Ke2 $11) 40... Bc3 41. Bd2 Bb2 42. Nd3 Bxa3 43. bxa5 {[%emt 0:00:07] Threatens to win with Ra1.} Ne4+ ({Black should try} 43... Ra8) 44. Ke3 Nf6 (44... Nd6 $16 45. Ra1 Nc4+ 46. Ke2 Re8+ 47. Kf2 Rf8+ 48. Ke1 Re8+ 49. Kf2 Rf8+ 50. Ke2 Re8+ 51. Kf2) 45. Rb1 Nxd5+ {[%emt 0:00:26] [#]} 46. Ke4 $1 Nc7 47. Bb4 Re8+ 48. Kd4 (48. Kf5 $18 Bxb4 49. Nxb4) 48... Rd8+ $16 {[%emt 0:00:41] [#]} 49. Kc3 $1 Nd5+ 50. Kb3 Bxb4 (50... Nc7 $16 51. Kxa3 Rxd3+ 52. Rb3 Rd5) 51. Nxb4 {[%emt 0:00:03][%mdl 4096] Endgame KRN-KRN} Nf4 52. a6 Nxg2 $2 (52... Ra8 {might work better.} 53. Ra1 h5) 53. a7 $18 Nf4 54. Nc6 Ra8 55. Kb4 Kg7 56. Rd1 Nxh3 57. Rd8 Rxa7 58. Nxa7 g4 59. Kc3 {[%emt 0:01:17] aiming for Kd2.} Nf4 (59... h5 $142 60. Rd2 (60. Nxb5 g3 $11) 60... g3) 60. Kd2 g3 61. Ke3 g2 62. Kf2 Kf6 63. Nxb5 h5 64. Nd4 h4 65. Rf8+ Kg5 66. Nf3+ Kg4 67. Rh8 h3 68. Rh4+ Kf5 69. Kg3 Ne2+ 70. Kh2 Nf4 71. Ng1 Kg5 72. Rh8 Kg4 73. Rg8+ Kh4 74. Rg7 {[%emt 0:00:18] Intending Rg8 and mate.} Ne6 75. Rh7+ Kg4 76. Nxh3 Ng5 77. Nxg5 {[%emt 0:00:10] Weighted Error Value: White=0.14 (very precise) /Black=0.22 (precise)} 1-0

[Event "CCC-IM 2022"]
[Site "Ballerup"]
[Date "2022.05.29"]
[Round "9.4"]
[White "Sahl, Bjarke"]
[Black "Rostgaard, Tobias Valentin"]
[Result "0-1"]
[ECO "E90"]
[WhiteElo "2312"]
[BlackElo "2339"]
[Annotator "TA"]
[PlyCount "90"]
[EventDate "2022.05.25"]
[EventType "tourn"]
[EventCountry "DEN"]
[SourceTitle "playchess.com"]
[Source "ChessBase"]
[SourceQuality "1"]
[TimeControl "5400+30"]

1. d4 Nf6 2. c4 g6 3. Nc3 Bg7 4. e4 d6 5. Nf3 O-O 6. Be3 e5 7. dxe5 dxe5 8. Qxd8 Rxd8 9. Nd5 Na6 ({Much less strong is} 9... Nxe4 10. Nxc7 Be6 11. Nxa8 $16) 10. Nxf6+ {[%emt 0:14:00] E90: King's Indian: Classical: Early deviations and 6 h3.} Bxf6 11. a3 {[%emt 0:00:06] Against Nb4} c6 {[%emt 0:02:54] [#]} (11... b6 $15) 12. Nd2 $146 {[%emt 0:00:07] The position is equal.} ({Predecessor:} 12. Be2 Nc7 13. O-O Bg4 14. h3 Bxf3 15. Bxf3 Ne6 16. Bg4 Nd4 17. Bd1 Ne6 18. Bg4 {0-1 (53) Velten,P (2485)-Rahul,S (2379) Montebelluna 2018}) 12... b6 13. Be2 Nc7 14. O-O Ne6 15. Rfc1 Bg5 16. Bxg5 Nxg5 17. Nf3 Nxf3+ 18. Bxf3 c5 19. Rd1 Be6 20. b3 Rd4 21. Rxd4 cxd4 $15 {[%emt 0:00:06][%mdl 4096] Endgame KRB-KRB} 22. Be2 Kf8 23. Kf1 Ke7 24. Ke1 f5 25. Bd3 f4 26. h4 g5 27. hxg5 Rg8 28. Ke2 Rxg5 29. Rh1 h5 ({Of course not} 29... Rxg2 30. Rxh7+ Kd6 31. Rxa7 $11) 30. Kf1 Bf7 31. Be2 Kd6 32. Rh3 Bg6 33. Bd3 Kc5 34. f3 (34. g3 $11) 34... Bf7 $17 35. Kf2 Kd6 36. Rh1 Rg8 37. Rh4 Ke7 38. Rh1 Kf6 39. Rh4 (39. b4 $15) 39... Kg5 (39... Rc8 $17 40. Rh1 Ke6) 40. g3 $2 {[%emt 0:01:04][%mdl 8192] This costs White the game.} ({White should try} 40. Rh1 $15) 40... b5 $19 {[%emt 0:01:19] [#] And now ...bxc4 would win.} 41. Rh1 fxg3+ {[%emt 0:01:16] Black is clearly winning.} 42. Kxg3 bxc4 43. Bxc4 Bxc4 44. bxc4 Rb8 45. c5 Rb3 {[%emt 0:00:31] Weighted Error Value: White=0.37/Black=0.08 (flawless)} ({Inferior is} 45... Rc8 46. f4+ exf4+ 47. Kf3 $17) 0-1

[Event "CCC-IM 2022"]
[Site "Ballerup"]
[Date "2022.05.29"]
[Round "9.5"]
[White "Brynell, Stellan"]
[Black "Nielsen, Thomas Bach"]
[Result "1-0"]
[ECO "A89"]
[WhiteElo "2401"]
[BlackElo "2189"]
[Annotator "TA"]
[PlyCount "73"]
[EventDate "2022.05.25"]
[EventType "tourn"]
[EventCountry "DEN"]
[SourceTitle "playchess.com"]
[Source "ChessBase"]
[SourceQuality "1"]
[TimeControl "5400+30"]

1. d4 f5 2. Nf3 Nf6 3. g3 g6 4. Bg2 Bg7 5. c4 d6 6. O-O O-O 7. Nc3 Nc6 8. d5 Na5 9. Qa4 c5 10. dxc6 Nxc6 11. Rd1 Bd7 {[%emt 0:04:41][%cal Oc6d4] [#] Strongly threatening ...Nd4!} 12. c5 {[%emt 0:18:21] A89: Dutch Defence: Leningrad System: 5 Nf3 0-0 6 0-0 d6 7 Nc3 Nc6.} dxc5 13. Qc4+ e6 14. Qxc5 {[%emt 0:00:23] [#] White is slightly better.} h6 $146 ({Predecessor:} 14... Qa5 15. Qxa5 Nxa5 16. Ne5 Rfd8 17. Be3 Nc6 18. Nxd7 Nxd7 19. Bxc6 bxc6 20. Rd6 Ne5 {1-0 (29) Veljkovic,D-Keserovic,M (2217) Belgrade 2008}) 15. Qc4 (15. Be3 $14) 15... Kh7 (15... Rc8 $11) 16. Bf4 Rc8 17. Bd6 {[%emt 0:04:57] Against e5. White is much more active.} (17. Qb3 $16) 17... Re8 18. Qh4 Nh5 19. Qxd8 Rexd8 20. e4 e5 21. exf5 gxf5 (21... Bxf5 $5 22. Nh4 Bg4 $11) 22. Rd2 Be6 23. Rad1 e4 24. Nh4 Na5 {[%emt 0:01:17][%cal Bc6a5,Ba5c4,Bc4b2][%mdl 32] Hoping for ...Nc4.} 25. Bf4 Rxd2 26. Bxd2 Nc4 27. Bc1 {[%emt 0:00:01][%cal Og3g4] [#]} Nxb2 $1 28. Bxb2 Bxc3 29. Bxc3 Rxc3 30. g4 Nf6 (30... fxg4 $17 {White must now prevent ...Nf6.} 31. Bxe4+ Kg7) 31. Nxf5 $11 Bxa2 32. h3 Kg6 33. Rd6 {[%emt 0:01:35] Against Be6} (33. Ng3 $11 {remains equal.}) 33... Rc6 $2 {[%emt 0:02:12][%mdl 8192] Black cannot hold the game after this.} (33... Rd3 $17 {and life is bright. aiming for ...Rxd6.} 34. Nd4 Bd5) 34. Ne7+ $18 {[%emt 0:00:07] White is clearly winning.} Kg5 35. h4+ Kxg4 36. Nxc6 bxc6 37. Rxf6 {[%emt 0:00:07] Weighted Error Value: White=0.29 (precise) /Black=0.55} 1-0